[Event "8th Ali Ipek Tournament 2020"]
[Site "Ankara"]
[Date "2020.03.06"]
[Round "3.15"]
[White "Ozates, Mert"]
[Black "Orhon, Bora"]
[Result "1-0"]
[ECO "A13"]
[WhiteElo "1810"]
[BlackElo "1460"]
[Annotator "NA RC"]
[PlyCount "93"]
[EventDate "2020.03.04"]
[EventType "swiss"]
[EventCountry "TUR"]
[SourceTitle "playchess.com"]
[Source "ChessBase"]
[SourceQuality "1"]
[TimeControl "5400+30"]

1. Nf3 d5 2. b3 Nf6 3. Bb2 e6 4. e3 c5 5. c4 Nc6 6. cxd5 exd5 7. Be2 Be7 8. O-O {[%emt 0:00:00] 8.d4 is not played anymore.} O-O 9. d4 h6 {[%emt 0:02:30] A13: English Opening: 1...e6.} 10. Nc3 Bf5 11. dxc5 Bxc5 12. Rc1 Be7 13. Nd4 Bh7 {[%emt 0:04:30] [#]} 14. Na4 $146 ({Predecessor:} 14. Nxc6 bxc6 15. Na4 Qd7 16. Qd4 Bd6 17. h3 Rfe8 18. Bf3 Be4 19. Bxe4 Rxe4 20. Nc5 Bxc5 21. Qxc5 {1-0 (27) Lagarde,M (2594)-Chakravarthi,R (2353) Bastia 2017}) 14... Rc8 15. Nxc6 bxc6 16. Qd4 Qc7 17. Ba6 Rb8 18. Bd3 Bxd3 19. Qxd3 Rfe8 20. Rc2 Ng4 21. g3 Bd6 22. Rfc1 Rbc8 (22... Qd7 $16 23. Rxc6 Be5) 23. Rxc6 Qxc6 24. Rxc6 Rxc6 25. Qxd5 Rec8 {[%emt 0:00:30] [#]} 26. Qd4 $1 Ne5 27. Kg2 f6 28. Qxa7 Rc2 29. Qd4 R8c6 (29... Nf7 {is a better defense.} 30. Qd1 Kh8) 30. b4 Nc4 31. b5 Rc8 32. Qd5+ Kh8 33. Bd4 Rd2 $18 34. Qe6 Rc7 35. b6 Nxb6 36. Nxb6 Rcc2 37. Qe8+ Kh7 38. Qe4+ Kh8 39. Qf3 Rxa2 40. Nc4 Rxf2+ 41. Qxf2 Rxf2+ 42. Kxf2 Be7 43. Kf3 Kh7 44. Nb6 Bd6 45. Nd5 Kg6 46. Nf4+ Kf7 47. Ke4 1-0

[Event "8th Ali Ipek Tournament 2020"]
[Site "Ankara"]
[Date "2020.03.07"]
[Round "3.16"]
[White "Genc, Arda"]
[Black "Hotman, Cagan Arhan"]
[Result "1-0"]
[ECO "C47"]
[WhiteElo "1734"]
[BlackElo "1358"]
[Annotator "NA RC"]
[PlyCount "39"]
[EventDate "2020.03.04"]
[EventType "swiss"]
[EventCountry "TUR"]
[TimeControl "5400+30"]

1. e4 e5 2. Nf3 Nc6 3. Nc3 Nf6 4. h3 Bc5 5. Nxe5 Bxf2+ 6. Kxf2 Nxe5 7. d4 Ng6 8. e5 Ng8 9. Bc4 N8e7 10. Qf3 O-O 11. h4 Nc6 12. h5 Nge7 13. Be3 h6 14. Bxh6 Nxd4 15. Qg4 Ndf5 16. Bxg7 Nxg7 17. h6 Nef5 18. hxg7 Nxg7 19. Qg6 d5 20. Qh7# 1-0

[Event "8th Ali Ipek Tournament 2020"]
[Site "Ankara"]
[Date "2020.03.07"]
[Round "3.17"]
[White "Aslan, Ali Efe"]
[Black "Nazli, Sertan"]
[Result "0-1"]
[ECO "C47"]
[WhiteElo "1394"]
[BlackElo "1745"]
[Annotator "NA RC"]
[PlyCount "62"]
[EventDate "2020.03.04"]
[EventType "swiss"]
[EventCountry "TUR"]
[TimeControl "5400+30"]

1. e4 e5 2. Nf3 Nc6 3. Nc3 Nf6 4. Be2 d5 5. exd5 Nxd5 6. O-O Nxc3 7. bxc3 e4 8. Ne1 f5 9. f3 Bc5+ 10. Kh1 Bd6 11. fxe4 fxe4 12. g3 Bh3 13. Ng2 Qd7 14. Bc4 Ne5 15. Bd5 O-O-O 16. Nf4 Rhf8 17. Re1 Bg4 18. Qxg4 Nxg4 19. Be6 Bxf4 20. Bxd7+ Rxd7 21. gxf4 Rxf4 22. h3 Nf6 23. Kg2 Rf5 24. Re2 Rf7 25. Ba3 Rf3 26. Rf1 Nh5 27. Ree1 Nf4+ 28. Kh2 Rxh3+ 29. Kg1 Rg3+ 30. Kh2 Rg4 31. Rxe4 Rf6 0-1

[Event "8th Ali Ipek Tournament 2020"]
[Site "Ankara"]
[Date "2020.03.07"]
[Round "3.18"]
[White "Ari, Hasancan"]
[Black "Ercan, Mehmet Fahri"]
[Result "1-0"]
[ECO "D52"]
[WhiteElo "1399"]
[BlackElo "1810"]
[Annotator "NA RC"]
[PlyCount "33"]
[EventDate "2020.03.04"]
[EventType "swiss"]
[EventCountry "TUR"]
[TimeControl "5400+30"]

1. d4 Nf6 2. c4 e6 3. Nf3 d5 4. Bg5 c6 5. Nc3 Nbd7 6. e3 Qa5 7. Bxf6 Nxf6 8. Nd2 dxc4 9. Nxc4 Qc7 10. Bd3 Be7 11. Rc1 O-O 12. O-O Bd7 13. Ne5 Rad8 14. f4 Qb6 15. Rf3 Qxb2 16. Nc4 Qb4 17. a3 1-0

[Event "8th Ali Ipek Tournament 2020"]
[Site "Ankara"]
[Date "2020.03.06"]
[Round "3.19"]
[White "Yilmaz, Baver"]
[Black "Ergani, Efe"]
[Result "0-1"]
[ECO "B06"]
[WhiteElo "1446"]
[BlackElo "1668"]
[Annotator "NA"]
[PlyCount "82"]
[EventDate "2020.03.04"]
[EventType "swiss"]
[EventCountry "TUR"]
[SourceTitle "playchess.com"]
[Source "ChessBase"]
[SourceQuality "1"]
[TimeControl "5400+30"]

1. e4 g6 2. d4 Bg7 3. Nf3 d6 4. Nc3 a6 5. Be3 Nd7 6. Bc4 e6 7. Bg5 Ne7 8. Qd2 h6 9. Be3 b5 10. Bb3 Rb8 11. Ne2 Nf6 12. Ng3 Ng4 13. h3 Nxe3 14. fxe3 c5 15. c3 Qc7 16. Ne2 Bd7 17. O-O O-O 18. Nf4 a5 19. a3 b4 20. axb4 axb4 21. c4 Ra8 22. Nh2 cxd4 23. exd4 Qb6 24. Ne2 Nc6 25. Rad1 Na5 26. Bc2 Nxc4 27. Qc1 e5 28. Nf3 Rac8 29. Kh1 Bb5 30. Rfe1 Rc7 31. Qb1 Ne3 32. Rd2 Nxc2 33. Rxc2 Bd3 34. Rec1 Bxc2 35. Rxc2 Rfc8 36. Rxc7 Qxc7 37. d5 Qc2 38. Qxc2 Rxc2 39. Ng3 Rxb2 40. Kg1 b3 41. Kf1 Rc2 0-1

[Event "8th Ali Ipek Tournament 2020"]
[Site "Ankara"]
[Date "2020.03.07"]
[Round "4.6"]
[White "Akin, Yagiz Cinar"]
[Black "Banci, Dogancan"]
[Result "1-0"]
[ECO "B55"]
[WhiteElo "1861"]
[BlackElo "1634"]
[Annotator "NA RC"]
[PlyCount "51"]
[EventDate "2020.03.04"]
[EventType "swiss"]
[EventCountry "TUR"]
[SourceTitle "playchess.com"]
[Source "ChessBase"]
[SourceQuality "1"]
[TimeControl "5400+30"]

1. e4 c5 2. Nf3 d6 3. d4 cxd4 4. Nxd4 Nf6 5. f3 e5 6. Bb5+ Bd7 7. Bxd7+ Nbxd7 8. Nf5 Nb6 9. c4 h6 10. Nc3 Qd7 11. Ne3 Be7 12. O-O O-O 13. b3 Rac8 14. Ba3 Rfd8 15. Nf5 a6 16. Qd2 Bf8 17. Rad1 Rc6 18. Qf2 Qc7 19. Bc1 Nbd7 20. Nd5 Nxd5 21. exd5 Rb6 22. Bd2 Qc5 23. Be3 Qa5 24. Bxb6 Nxb6 25. b4 Qxb4 26. Rb1 1-0

[Event "8th Ali Ipek Tournament 2020"]
[Site "Ankara"]
[Date "2020.03.07"]
[Round "4.7"]
[White "Celik, Berkay"]
[Black "Oktem, Ege Tuna"]
[Result "0-1"]
[ECO "A03"]
[WhiteElo "1870"]
[BlackElo "1546"]
[Annotator "NA RC"]
[PlyCount "106"]
[EventDate "2020.03.04"]
[EventType "swiss"]
[EventCountry "TUR"]
[SourceTitle "playchess.com"]
[Source "ChessBase"]
[SourceQuality "1"]
[TimeControl "5400+30"]

1. f4 d5 2. Nf3 Nf6 3. e3 c5 4. b3 g6 5. Bb2 Bg7 6. Bb5+ Bd7 7. Be2 Nc6 8. O-O O-O 9. Bb5 a6 10. Bxc6 Bxc6 11. Ne5 Nd7 12. Nxc6 bxc6 13. Bxg7 Kxg7 14. d3 f6 15. f5 g5 16. Rf3 Qe8 17. Rh3 Rh8 18. Rh5 h6 19. Nd2 Ne5 20. Nf1 d4 21. Ng3 a5 22. Ne4 Nd7 23. a4 e6 24. g4 e5 25. Qf3 Qe7 26. Kg2 Nb6 27. h4 Nd5 28. hxg5 hxg5 29. Rah1 dxe3 30. Kf1 Nf4 31. Rxh8 e2+ 32. Qxe2 Rxh8 33. Qf3 Rxh1+ 34. Qxh1 Nd5 35. Qg1 Nb4 36. Qf2 Na6 37. Qd2 Qd8 38. Qc3 Qb6 39. Qc4 Nb4 40. Qe6 Qd8 41. Nd6 Qg8 42. Ne8+ Kf8 43. Qc8 Ke7 44. Qc7+ Kxe8 45. Qc8+ Kf7 46. Qe6+ Kg7 47. Qe7+ Qf7 48. Qxc5 Qc7 49. Ke2 Nd5 50. Kd1 Qb6 51. Qd6 Qg1+ 52. Kd2 Qe3+ 53. Kd1 Nc3# 0-1

[Event "8th Ali Ipek Tournament 2020"]
[Site "Ankara"]
[Date "2020.03.07"]
[Round "4.8"]
[White "Nazli, Sertan"]
[Black "Caberoglu, Arda"]
[Result "0-1"]
[ECO "B14"]
[WhiteElo "1745"]
[BlackElo "1784"]
[Annotator "NA RC"]
[PlyCount "36"]
[EventDate "2020.03.04"]
[EventType "swiss"]
[EventCountry "TUR"]
[SourceTitle "playchess.com"]
[Source "ChessBase"]
[SourceQuality "1"]
[TimeControl "5400+30"]

1. e4 c6 2. d4 d5 3. exd5 cxd5 4. c4 Nf6 5. Nc3 g6 6. Qb3 Bg7 7. cxd5 O-O 8. Nge2 e6 9. dxe6 Bxe6 10. Qd1 Nc6 11. g3 Bd5 12. Nxd5 Qxd5 13. Rg1 Ne4 14. Bg2 Bxd4 15. Nxd4 Nxd4 16. Be3 Qa5+ 17. Kf1 Qb5+ 18. Ke1 Qb4+ 0-1

[Event "8th Ali Ipek Tournament 2020"]
[Site "Ankara"]
[Date "2020.03.07"]
[Round "4.9"]
[White "Aydin, Aytac"]
[Black "Ozates, Mert"]
[Result "1/2-1/2"]
[ECO "D11"]
[WhiteElo "1652"]
[BlackElo "1810"]
[Annotator "NA RC"]
[PlyCount "82"]
[EventDate "2020.03.04"]
[EventType "swiss"]
[EventCountry "TUR"]
[SourceTitle "playchess.com"]
[Source "ChessBase"]
[SourceQuality "1"]
[TimeControl "5400+30"]

1. d4 Nf6 2. Nf3 d5 3. c4 c6 4. g3 Bf5 5. Bg2 h6 6. O-O e6 7. Nc3 Nbd7 8. Nd2 Be7 9. e4 dxe4 10. Ndxe4 O-O 11. Be3 Nxe4 12. Nxe4 Nf6 {[%emt 0:00:00] D11: Slav Defence: 3 Nf3 sidelines and 3...Nf6 4 e3 Bg4.} 13. Nc3 Qa5 14. a3 Rfd8 {[%emt 0:03:30] [#]} 15. Qe2 $146 ({Predecessor:} 15. b4 Qc7 16. Qe2 Rac8 17. Rfc1 Qd7 18. h3 b6 19. Rd1 Qe8 20. Bf4 Rd7 21. g4 {1-0 (73) Matnadze,A (2422)-Exler,V (2103) Istanbul 2012}) 15... Rd7 16. h3 Rad8 17. b4 Qc7 18. Rac1 a5 19. c5 axb4 20. axb4 e5 21. Na4 Re8 22. Nb6 Rdd8 23. Rfd1 Bf8 24. dxe5 Qxe5 25. Qc4 Ne4 26. Bd4 Qe6 27. Qxe6 Rxe6 28. Bb2 Rde8 29. Bd4 Be7 30. Nc4 Rd8 31. Bb2 Re8 32. Rd7 (32. g4 $14 Bh7 33. f4) 32... Bg5 {[%emt 0:00:56] [#]} 33. Rcd1 ({Only move:} 33. Rf1 $1 $16) 33... R6e7 $2 (33... Nxf2 $1 $15 {keeps the upper hand.} 34. Kxf2 Re2+ 35. Kg1 Bxd7 36. Rxd7 Rc2) 34. Rxe7 Rxe7 35. h4 Bf6 36. Bxf6 Nxf6 37. Rd8+ Re8 38. Rxe8+ Nxe8 39. Kh2 Nc7 40. Nd6 Bd7 $1 41. Nxb7 Na6 $11 1/2-1/2

[Event "8th Ali Ipek Tournament 2020"]
[Site "Ankara"]
[Date "2020.03.07"]
[Round "4.10"]
[White "Ari, Hasancan"]
[Black "Genc, Arda"]
[Result "0-1"]
[ECO "A75"]
[WhiteElo "1399"]
[BlackElo "1734"]
[Annotator "NA RC"]
[PlyCount "94"]
[EventDate "2020.03.04"]
[EventType "swiss"]
[EventCountry "TUR"]
[SourceTitle "playchess.com"]
[Source "ChessBase"]
[SourceQuality "1"]
[TimeControl "5400+30"]

1. d4 Nf6 2. c4 c5 3. d5 e6 4. Nc3 exd5 5. cxd5 d6 6. e4 g6 7. Be2 Bg7 8. Nf3 O-O 9. O-O a6 10. a4 Bg4 11. Nd2 Bxe2 12. Qxe2 Nbd7 13. Nc4 Qe7 14. f4 Rfe8 15. Re1 h5 16. h3 h4 17. e5 dxe5 18. fxe5 Nh5 19. e6 Bd4+ 20. Kh2 fxe6 21. Qxe6+ Qxe6 22. dxe6 Ng7 23. e7 Nf5 24. Nd5 Rac8 25. Bf4 Nf6 26. Ncb6 Rc6 27. Be5 Nxd5 28. Nxd5 Kf7 29. Re4 Bxe5+ 30. Rxe5 c4 31. Rf1 Rc5 32. Rf4 b5 33. axb5 axb5 34. Rfe4 b4 35. Nxb4 Rxe5 36. Rxe5 Rxe7 37. Rc5 Re4 38. Nc6 Ke6 39. Nd8+ Ke7 40. Nb7 Ng3 41. Rc7+ Kf6 42. Kg1 Rf4 43. Kh2 Nf1+ 44. Kg1 Ng3 45. Kh2 Rf1 46. Rc6+ Kg5 47. Rc5+ Kh6 0-1

[Event "8th Ali Ipek Tournament 2020"]
[Site "Ankara"]
[Date "2020.03.07"]
[Round "4.11"]
[White "Ceylan, Arda (Ali Riza)"]
[Black "Macit, Mehmet Alper"]
[Result "1-0"]
[ECO "A48"]
[WhiteElo "1637"]
[BlackElo "1466"]
[Annotator "NA RC"]
[PlyCount "83"]
[EventDate "2020.03.04"]
[EventType "swiss"]
[EventCountry "TUR"]
[SourceTitle "playchess.com"]
[Source "ChessBase"]
[SourceQuality "1"]
[TimeControl "5400+30"]

1. d4 Nf6 2. Nf3 g6 3. Nbd2 Bg7 4. e4 d5 5. e5 Nfd7 6. b4 a5 7. b5 c5 8. c3 cxd4 9. cxd4 Nf8 10. Bd3 Ne6 11. O-O Nf4 12. Bc2 Nd7 13. Nb3 Ne6 14. a4 Nb6 15. Qe2 Nc4 16. Bd3 b6 17. Bxc4 dxc4 18. Qxc4 Bb7 19. Be3 Rc8 20. Qe2 Rc3 21. Qb2 Rc4 22. Rfc1 Qd5 23. Rxc4 Qxc4 24. Nbd2 Qd5 25. Rc1 Kd7 26. Nc4 Qe4 27. Nxb6+ Ke8 28. Nc4 Qg4 29. h3 Qh5 30. Nxa5 Bxf3 31. gxf3 Bh6 32. Qd2 Bxe3 33. fxe3 Qxf3 34. Rc8+ Nd8 35. b6 Qg3+ 36. Qg2 Qe1+ 37. Kh2 Qxe3 38. b7 Qf4+ 39. Kh1 Qe3 40. Rxd8+ Kxd8 41. b8=Q+ Kd7 42. Qd5# 1-0

[Event "8th Ali Ipek Tournament 2020"]
[Site "Ankara"]
[Date "2020.03.07"]
[Round "4.12"]
[White "Sari, Engin"]
[Black "Ergani, Efe"]
[Result "0-1"]
[ECO "B06"]
[WhiteElo "1457"]
[BlackElo "1668"]
[Annotator "NA RC"]
[PlyCount "78"]
[EventDate "2020.03.04"]
[EventType "swiss"]
[EventCountry "TUR"]
[SourceTitle "playchess.com"]
[Source "ChessBase"]
[SourceQuality "1"]
[TimeControl "5400+30"]

1. e4 g6 2. d4 Bg7 3. Nf3 d6 4. Bc4 e6 5. Be3 Ne7 6. Nc3 a6 7. O-O Nd7 8. Qd2 b5 9. Be2 O-O 10. Ng5 h6 11. Nh3 Kh7 12. Bd3 c5 13. Be2 Nc6 14. dxc5 dxc5 15. Rfd1 Nd4 16. f3 Qe7 17. Bf1 Ne5 18. Qf2 f5 19. Bxd4 cxd4 20. Rxd4 Ng4 21. Qd2 Bxd4+ 22. Qxd4 Qf6 23. Qc5 Ne5 24. Rd1 Rf7 25. exf5 Qxf5 26. Ne4 Bb7 27. Nhf2 Raf8 28. Be2 Bxe4 29. Nxe4 Nd7 30. Qc6 Nb8 31. Qb6 Rd7 32. Rxd7+ Nxd7 33. Qxa6 Ne5 34. Qxb5 Qf4 35. Qc5 Qc1+ 36. Bf1 Qf4 37. Qe7+ Rf7 38. Qxe6 Nxf3+ 39. gxf3 Qe3+ 0-1

[Event "8th Ali Ipek Tournament 2020"]
[Site "Ankara"]
[Date "2020.03.07"]
[Round "4.13"]
[White "Saltik, Suleyman"]
[Black "Akoglanoglu, Murat Umut"]
[Result "1-0"]
[ECO "B43"]
[WhiteElo "1658"]
[BlackElo "1460"]
[Annotator "NA RC"]
[PlyCount "67"]
[EventDate "2020.03.04"]
[EventType "swiss"]
[EventCountry "TUR"]
[SourceTitle "playchess.com"]
[Source "ChessBase"]
[SourceQuality "1"]
[TimeControl "5400+30"]

1. e4 c5 2. Nf3 e6 3. d4 cxd4 4. Nxd4 a6 5. Be2 Qc7 6. a3 Nf6 7. Nc3 Be7 8. O-O O-O 9. Bg5 b5 10. Re1 d6 11. f4 Nc6 12. Nxc6 Qxc6 13. Bf3 Bb7 14. Kh1 Qc5 15. Qd3 Rfd8 16. Rad1 Rac8 17. Qf1 b4 18. e5 Bxf3 19. exf6 gxf6 20. axb4 Qxb4 21. Qxf3 fxg5 22. f5 Qxb2 23. fxe6 fxe6 24. Nd5 Qg7 25. Rxe6 Bf8 26. Nf6+ Kh8 27. Nh5 Qg8 28. Qf6+ Bg7 29. Qxg5 Rc5 30. Rd5 Rd7 31. Rxc5 dxc5 32. Re1 Qe6 33. Qxg7+ Rxg7 34. Rxe6 1-0

[Event "8th Ali Ipek Tournament 2020"]
[Site "Ankara"]
[Date "2020.03.07"]
[Round "4.15"]
[White "Kesgin, Murat Can"]
[Black "Firat, Mehmet Bugra"]
[Result "1/2-1/2"]
[ECO "E20"]
[WhiteElo "1551"]
[BlackElo "1601"]
[Annotator "NA RC"]
[PlyCount "97"]
[EventDate "2020.03.04"]
[EventType "swiss"]
[EventCountry "TUR"]
[SourceTitle "playchess.com"]
[Source "ChessBase"]
[SourceQuality "1"]
[TimeControl "5400+30"]

1. d4 Nf6 2. c4 e6 3. Nc3 Bb4 4. f3 b6 5. e4 O-O 6. Bd3 Bb7 7. a3 Bxc3+ 8. bxc3 d6 9. Bg5 e5 10. Ne2 Nbd7 11. O-O h6 12. Bh4 g5 13. Bf2 Nh5 14. Qd2 Qf6 15. h4 Kh8 16. hxg5 hxg5 17. Be3 Nf4 18. Bxf4 gxf4 19. g3 Qg5 20. Ra2 Rg8 21. Kf2 fxg3+ 22. Kg2 Qxd2 23. Rxd2 Rg6 24. Nxg3 Rag8 25. Kf2 Kg7 26. Nf5+ Kf8 27. Ke3 Nf6 28. Rh2 Bc8 29. Nh6 Rh8 30. Rfh1 Ng8 31. Nxg8 Rhxg8 32. c5 bxc5 33. dxe5 dxe5 34. Rh5 Rg5 35. Rxg5 Rxg5 36. Bc4 Kg7 37. Rb1 Rg6 38. Rb5 Ba6 39. Rxc5 Bxc4 40. Rxc4 Ra6 41. a4 c6 42. f4 f6 43. fxe5 fxe5 44. Kd3 Kf6 45. Kc2 Ke6 46. Kb3 Kd6 47. Rb4 Kc5 48. Rb8 Kd6 49. Rb4 1/2-1/2

[Event "8th Ali Ipek Tournament 2020"]
[Site "Ankara"]
[Date "2020.03.07"]
[Round "4.16"]
[White "Bilen, Tuna"]
[Black "Vural, Burak"]
[Result "1-0"]
[ECO "C02"]
[WhiteElo "1367"]
[BlackElo "1604"]
[Annotator "NA RC"]
[PlyCount "133"]
[EventDate "2020.03.04"]
[EventType "swiss"]
[EventCountry "TUR"]
[SourceTitle "playchess.com"]
[Source "ChessBase"]
[SourceQuality "1"]
[TimeControl "5400+30"]

1. e4 c5 2. c3 e6 3. d4 d5 4. e5 Nc6 5. Nf3 Bd7 6. Na3 Nge7 7. Bg5 a6 8. Nc2 Qb6 9. b3 cxd4 10. cxd4 Nf5 11. g4 Nh6 12. h3 Nb4 13. Nxb4 Bxb4+ 14. Bd2 Ba3 15. Bd3 Bb2 16. Rb1 Bxd4 17. O-O Bc5 18. b4 Be7 19. Be3 Qd8 20. Qd2 Ng8 21. Rfc1 Rc8 22. Bd4 g6 23. g5 h6 24. h4 hxg5 25. hxg5 Rh5 26. Be3 d4 27. Rxc8 Bxc8 28. Bf4 Kf8 29. Be4 b6 30. a3 a5 31. Rd1 axb4 32. axb4 Kg7 33. b5 Bc5 34. Nxd4 Qf8 35. Nc6 Ne7 36. Qd8 Rh4 37. Qd2 Bb7 38. Bg2 Qa8 39. Bg3 Rh8 40. Qd7 Nf5 41. Nd8 Rxd8 42. Qxd8 Bxg2 43. Qf6+ Kh7 44. Qxf7+ Ng7 45. Rd7 Bf8 46. Ra7 Qf3 47. Qxf3 Bxf3 48. Rf7 Be2 49. Rxf8 Bxb5 50. Rb8 Bd3 51. Rxb6 Bf5 52. Rb4 Nh5 53. Kg2 Nxg3 54. Kxg3 Kg7 55. f3 Kf7 56. Rf4 Kg7 57. Rxf5 gxf5 58. f4 Kh7 59. Kf3 Kg7 60. Ke3 Kf7 61. Kd4 Ke8 62. Kc5 Kd7 63. g6 Ke7 64. Kc6 Kf8 65. Kd6 Kg7 66. Kxe6 Kxg6 67. Kd7 1-0

[Event "8th Ali Ipek Tournament 2020"]
[Site "Ankara"]
[Date "2020.03.07"]
[Round "4.17"]
[White "Aral, Demir"]
[Black "Yilmaz, Zulfikar Baran"]
[Result "1-0"]
[ECO "B77"]
[WhiteElo "1554"]
[BlackElo "1370"]
[Annotator "NA RC"]
[PlyCount "109"]
[EventDate "2020.03.04"]
[EventType "swiss"]
[EventCountry "TUR"]
[SourceTitle "playchess.com"]
[Source "ChessBase"]
[SourceQuality "1"]
[TimeControl "5400+30"]

1. e4 c5 2. Nf3 d6 3. d4 cxd4 4. Nxd4 Nf6 5. Nc3 g6 6. Be3 Bg7 7. Bc4 O-O 8. f3 Nc6 9. Qd2 Bd7 10. g4 Rc8 11. Be2 Ne5 12. h4 Nc4 13. Bxc4 Rxc4 14. Nde2 a6 15. h5 b5 16. hxg6 fxg6 17. Bh6 Rf7 18. Bxg7 Rxg7 19. a4 Qa5 20. g5 Ne8 21. Nd5 Qxd2+ 22. Kxd2 Be6 23. Ne3 Rc5 24. f4 Bc4 25. Nd4 e5 26. b4 exd4 27. bxc5 dxe3+ 28. Kxe3 dxc5 29. axb5 Bxb5 30. Rhd1 Re7 31. Rd8 Kf7 32. c4 Bxc4 33. Rc1 Bb5 34. Rxc5 Nc7 35. Rd6 Ne8 36. Rb6 Rd7 37. f5 Nd6 38. Kf4 gxf5 39. e5 Ne4 40. e6+ Ke7 41. Rcxb5 axb5 42. exd7 Kxd7 43. Rxb5 Nd6 44. Ra5 Ke6 45. Ra6 Ke7 46. Ra7+ Kf8 47. Rxh7 Kg8 48. Rd7 Ne4 49. Kxf5 Nc5 50. Rc7 Na6 51. Ra7 Nc5 52. g6 Kf8 53. g7+ Kg8 54. Kg6 Nd7 55. Ra8+ 1-0

[Event "8th Ali Ipek Tournament 2020"]
[Site "Ankara"]
[Date "2020.03.07"]
[Round "4.18"]
[White "Ozturk, Ali"]
[Black "Ada, Isa"]
[Result "0-1"]
[ECO "C64"]
[WhiteElo "1590"]
[BlackElo "1366"]
[Annotator "NA RC"]
[PlyCount "97"]
[EventDate "2020.03.04"]
[EventType "swiss"]
[EventCountry "TUR"]
[SourceTitle "playchess.com"]
[Source "ChessBase"]
[SourceQuality "1"]
[TimeControl "5400+30"]

1. Nf3 Nc6 2. e4 e5 3. Bb5 Bc5 4. c3 Bb6 5. O-O d6 6. h3 a6 7. Ba4 Bd7 8. d4 exd4 9. cxd4 Qe7 10. Nc3 Qd8 11. Bg5 f6 12. Bh4 g5 13. Nxg5 fxg5 14. Qh5+ Kf8 15. Bxg5 Qe8 16. Bh6+ Nxh6 17. Qxh6+ Ke7 18. Nd5+ Kd8 19. Qf6+ Kc8 20. Nxb6+ cxb6 21. d5 Qe5 22. Qh4 b5 23. dxc6 bxc6 24. Bb3 Kc7 25. Rab1 Raf8 26. Rfc1 h5 27. f3 Rf4 28. Qf2 Kb7 29. Ra1 Rhf8 30. a4 Rxe4 31. axb5 Qxb5 32. Qd2 Qb6+ 33. Kh1 Rd4 34. Qh6 Qd8 35. Qxh5 Rh4 36. Qg6 Qe7 37. Qd3 Ra8 38. Re1 Qg5 39. Qe3 Qg3 40. Be6 Bxe6 41. Qxe6 Rh7 42. Re3 Rah8 43. Rb3+ Kc7 44. f4 Qxf4 45. Rxa6 Qf1+ 46. Kh2 Qxa6 47. Rf3 Qc8 48. Qe3 c5 49. Qd3 0-1

[Event "8th Ali Ipek Tournament 2020"]
[Site "Ankara"]
[Date "2020.03.07"]
[Round "4.19"]
[White "Uzun, Anil"]
[Black "Kolsuz, Umut"]
[Result "0-1"]
[ECO "A13"]
[WhiteElo "1360"]
[BlackElo "1551"]
[Annotator "NA RC"]
[PlyCount "48"]
[EventDate "2020.03.04"]
[EventType "swiss"]
[EventCountry "TUR"]
[SourceTitle "playchess.com"]
[Source "ChessBase"]
[SourceQuality "1"]
[TimeControl "5400+30"]

1. Nf3 Nf6 2. c4 e6 3. b3 d5 4. Bb2 b6 5. e3 Bb7 6. d4 Ne4 7. Nbd2 Nd7 8. g3 Bb4 9. cxd5 Bxd5 10. Rg1 Qf6 11. Qe2 Nc3 12. Bxc3 Bxc3 13. O-O-O a5 14. e4 Bb7 15. Nb1 Ba1 16. Ne1 Bxd4 17. Nd3 O-O 18. Rg2 Nc5 19. Nxc5 Bxc5 20. h4 a4 21. f4 axb3 22. axb3 Ra1 23. Qc2 Bxe4 24. Bd3 Bxg2 0-1

[Event "8th Ali Ipek Tournament 2020"]
[Site "Ankara"]
[Date "2020.03.07"]
[Round "4.20"]
[White "Gokdogan, Alperen"]
[Black "Tastan, Tuna Yasin"]
[Result "0-1"]
[ECO "C02"]
[WhiteElo "1305"]
[BlackElo "1535"]
[Annotator "NA RC"]
[PlyCount "108"]
[EventDate "2020.03.04"]
[EventType "swiss"]
[EventCountry "TUR"]
[SourceTitle "playchess.com"]
[Source "ChessBase"]
[SourceQuality "1"]
[TimeControl "5400+30"]

1. e4 c5 2. c3 e6 3. d4 d5 4. e5 Nc6 5. Nf3 cxd4 6. cxd4 Bb4+ 7. Bd2 Qb6 8. Na3 Bxd2+ 9. Qxd2 a6 10. Bd3 Bd7 11. Nc2 Nge7 12. O-O O-O 13. Ne3 Ng6 14. h4 Qb4 15. Qd1 Nf4 16. Bc2 Nxd4 17. Nxd4 Qxd4 18. Qf3 Qxe5 19. g3 Ng6 20. Rfe1 Qf6 21. Qh5 Rac8 22. Ng4 Qxb2 23. Bd3 Bb5 24. Reb1 Qd4 25. Bxb5 axb5 26. Qg5 f5 27. Ne3 f4 28. Qg4 Qf6 29. Ng2 fxg3 30. fxg3 Qf5 31. Qxf5 Rxf5 32. Rxb5 Rf3 33. Kh2 Rcc3 34. Rxb7 Rxg3 35. Rb8+ Kf7 36. Rb7+ Kf6 37. a4 Rh3+ 38. Kg1 Rcg3 39. Kf2 Ra3 40. Rxa3 Rxa3 41. Ra7 Ne5 42. a5 Nc6 43. Ra6 Nxa5 44. Nf4 Nc4 45. Nxd5+ Ke5 46. Rxa3 Nxa3 47. Ne3 Nb5 48. Kf3 Nd4+ 49. Kf2 Kf4 50. Ng2+ Kg4 51. Ke3 Nf5+ 52. Ke4 Nxh4 53. Nxh4 Kxh4 54. Kf4 g5+ 0-1

[Event "8th Ali Ipek Tournament 2020"]
[Site "Ankara"]
[Date "2020.03.07"]
[Round "5.4"]
[White "Genc, Arda"]
[Black "Akin, Yagiz Cinar"]
[Result "1/2-1/2"]
[ECO "E14"]
[WhiteElo "1734"]
[BlackElo "1861"]
[Annotator "NA RC"]
[PlyCount "57"]
[EventDate "2020.03.04"]
[EventType "swiss"]
[EventCountry "TUR"]
[SourceTitle "playchess.com"]
[Source "ChessBase"]
[SourceQuality "1"]
[TimeControl "5400+30"]

1. d4 f5 2. Nf3 Nf6 3. e3 e6 4. Bd3 Be7 5. b3 O-O $11 6. O-O b6 7. c4 Bb7 8. Nbd2 Ne4 9. Qc2 Nxd2 10. Nxd2 Nc6 11. a3 Bf6 12. Bb2 Qe8 13. b4 Qg6 14. f3 Bg5 15. f4 Bxf4 16. Rf3 Bxe3+ 17. Rxe3 Nxd4 18. Rg3 Qxg3 19. hxg3 Nxc2 20. Bxc2 a5 21. b5 d6 22. Re1 e5 23. Nf1 f4 24. Be4 Bxe4 25. Rxe4 f3 26. Ne3 Rf7 27. Nd5 Raf8 28. Bc1 fxg2 29. Kxg2 1/2-1/2

[Event "8th Ali Ipek Tournament 2020"]
[Site "Ankara"]
[Date "2020.03.07"]
[Round "5.5"]
[White "Oktem, Ege Tuna"]
[Black "Alkan, Ferman"]
[Result "0-1"]
[ECO "D02"]
[WhiteElo "1546"]
[BlackElo "1858"]
[Annotator "NA RC"]
[PlyCount "76"]
[EventDate "2020.03.04"]
[EventType "swiss"]
[EventCountry "TUR"]
[SourceTitle "playchess.com"]
[Source "ChessBase"]
[SourceQuality "1"]
[TimeControl "5400+30"]

1. d4 Nf6 2. Nf3 g6 3. Nbd2 d5 4. e3 Bg7 $11 5. b4 O-O 6. c4 a5 7. b5 a4 8. Be2 Re8 9. O-O Nbd7 10. c5 c6 11. bxc6 bxc6 12. Rb1 e5 13. Nxe5 Nxe5 14. dxe5 Rxe5 15. Nc4 Bf5 16. Nxe5 Bxb1 17. Nxc6 Qc7 18. Nd4 Qxc5 19. a3 Ne4 20. Bb2 Ba2 21. Qa1 Bc4 22. Bxc4 dxc4 23. Ne6 Bxb2 24. Qxb2 fxe6 25. Qb7 Qd5 26. Qb4 c3 27. f3 Nd2 28. Rc1 Rc8 29. Qxa4 Nb3 30. Qa6 Ra8 31. Qf1 Nxc1 32. Qxc1 Qd2 33. Qf1 c2 34. a4 Qxe3+ 35. Kh1 c1=Q 36. h3 Qxf1+ 37. Kh2 Qf4+ 38. g3 Qd2# 0-1